 Dungeon Crawl Stone Soup version 0.21-a0-421-gfc1ce30 (webtiles) character file.

893 hazymike the Arsonist (level 8, 0/41 HPs)
             Began as a Gargoyle Fire Elementalist on Nov 4, 2017.
             Slain by Prince Ribbit (13 damage)
             ... on level 5 of the Dungeon.
             The game lasted 00:56:58 (6259 turns).

hazymike the Arsonist (Gargoyle Fire Elementalist)  Turns: 6259, Time: 00:56:59

Health: 0/41       AC:  7    Str: 12    XL:     8   Next: 6%
Magic:  2/11       EV: 12    Int: 18    God:
Gold:   236        SH:  0    Dex: 10    Spells: 7/11 levels left

rFire    . . .     SeeInvis .   n - +1 dagger (venom)
rCold    . . .     Gourm    .   (no shield)
rNeg     + . .     Faith    .   a - +0 robe
rPois    ∞         Spirit   .   (no helmet)
rElec    +         Reflect  .   (no cloak)
rCorr    .         Harm     .   (no gloves)
MR       .....                  (no boots)
Stlth    +++.......             (no amulet)
HPRegen  0.13/turn              E - ring of stealth
MPRegen  0.12/turn              (no ring)

@: no status effects
A: negative energy resistance 1, electricity resistance, unbreathing,
petrification resistance, rot immunity, AC +5
a: no special abilities


You were on level 5 of the Dungeon.
You were not hungry.

You visited 1 branch of the dungeon, and saw 5 of its levels.

You collected 236 gold pieces.

Inventory:

Hand Weapons
 e - a +0 whip of freezing
 n - a +1 dagger of venom (weapon)
 p - a +1 short sword of holy wrath
 J - a -2 mace of holy wrath
Missiles
 d - 261 stones (quivered)
 g - 109 arrows
 h - 40 sling bullets
Armour
 a - a +0 robe (worn)
 f - a +0 cloak
 l - a +0 pair of boots
 x - a +0 shield
 A - a +0 buckler
 L - a +0 helmet
 N - a +3 plate armour of poison resistance
Jewellery
 i - an uncursed ring of protection from cold {unknown}
 E - a ring of stealth (left hand)
Wands
 H - a wand of iceblast (3/15)
Scrolls
 c - a scroll of enchant armour {unknown}
 m - a scroll of identify {unknown}
 q - a scroll of remove curse {unknown}
 t - a scroll of teleportation {unknown}
 u - 2 scrolls of amnesia
 y - a scroll of random uselessness {unknown}
 C - 2 scrolls of recharging {unknown}
 D - a scroll of magic mapping {unknown}
 F - 2 scrolls of fear {unknown}
Potions
 o - a potion of magic {unknown}
 s - a potion of brilliance {unknown}
 v - 3 potions of curing {unknown}
 w - a potion of degeneration {unknown}
 z - a potion of agility {unknown}
 B - a potion of resistance {unknown}
 G - a potion of flight {unknown}
 I - a potion of cancellation {unknown}
 M - a potion of heal wounds {unknown}
Books
 b - a book of Flames

   Spells                             Type                      Level
   a - Flame Tongue                   Conjuration/Fire             1
   b - Throw Flame                    Conjuration/Fire             2
   c - Conjure Flame                  Conjuration/Fire             3
   d - Inner Flame                    Hexes/Fire                   3
   e - Sticky Flame                   Conjuration/Fire             4
   f - Fireball                       Conjuration/Fire             5
Comestibles
 j - 2 meat rations
 k - 4 royal jellies
 r - 3 fruits


   Skills:
 - Level 1.5 Dodging
 - Level 2.1 Stealth
 - Level 2.0 Spellcasting
 - Level 1.1 Conjurations
 + Level 9.4 Fire Magic


You had 7 spell levels left.
You knew the following spells:

 Your Spells              Type           Power        Failure   Level  Hunger
a - Flame Tongue          Conj/Fire      ###..        1%          1    #......
b - Conjure Flame         Conj/Fire      ###.....     6%          3    ###....


Dungeon Overview and Level Annotations

Branches:
Dungeon (5/15)
 Temple: D:4-7

Altars:
Fedhas
The Shining One

Annotations:
D:5 Prince Ribbit


Innate Abilities, Weirdness & Mutations

You are resistant to torment.
Your stone body is resilient. (AC +5)
You are immune to poison.
You resist negative energy. (rN+)
You are resistant to electric shocks. (rElec)
You can survive without breathing.
You are immune to petrification.
You are immune to rotting.


Message History

The flame tongue hits the worker ant.
The worker ant appears unharmed.
The worker ant is severely wounded.
The worker ant misses you. The worker ant closely misses you.
Prince Ribbit blinks!
Prince Ribbit hits you.
The worker ant waves its antennae.
Prince Ribbit hits you!
You hit Prince Ribbit.
Prince Ribbit is moderately wounded.
The worker ant closely misses you. Prince Ribbit closely misses you.
You miss Prince Ribbit.
Prince Ribbit is moderately wounded.
The worker ant barely misses you. Prince Ribbit hits you!
The worker ant bites you but does no damage.
You hit Prince Ribbit.
Prince Ribbit is poisoned.
Prince Ribbit is moderately wounded.
Prince Ribbit misses you.
The worker ant bites you but does no damage.
Prince Ribbit hits you!
You die...

###### #..>......#. #....#
#.......#.#. #....# #########.#.
#....# #####.#. #....# #.....#.
#### #....# #.#####. ...## #....#
#.#.....
.#..###########....#######.#.####
.>.....§.......F@...#...##...#
#.#...##...#...a......#.....####
#.###....######.....####.##....##
#.######## #......<...#^^####..#
#.....# #..........##....##..
#####a# #..........#####..###
#..#.# #.......)..# ###.## #...(#
#..........# ###..# ##.###
#########..# ##^[PP^


You could see Prince Ribbit and a worker ant.

Vanquished Creatures
  Sigmund (D:3)
  5 scorpions (D:5)
  A bullfrog zombie (D:5)
  A bullfrog skeleton (D:5)
  A crimson imp (D:5)
  A jelly (D:5)
  An orc priest (D:4)
  An orc wizard (D:4)
  Ijyb (D:5)
  2 worker ants
  4 gnolls (D:3)
  A howler monkey skeleton (D:4)
  9 adders
  A shadow imp (D:5)
  An ooze (D:1)
  A worm (D:4)
  2 dart slugs (D:1)
  2 leopard geckos (D:2)
  7 orcs
  19 bats
  4 giant cockroaches
  6 goblins
  6 hobgoblins
  A quokka (D:2)
  A ball python (D:3)
  9 frilled lizards
  11 kobolds
  9 rats
109 creatures vanquished.

Notes
Turn   | Place    | Note
-------+----------+-------------------------------------------
     0 | D:1      | hazymike the Gargoyle Fire Elementalist began the quest for the Orb.
     0 | D:1      | Reached XP level 1. HP: 10/10 MP: 3/3
   149 | D:1      | Reached XP level 2. HP: 15/15 MP: 0/5
   623 | D:1      | Reached skill level 4 in Fire Magic
   674 | D:1      | Reached XP level 3. HP: 19/19 MP: 3/6
  1660 | D:2      | Reached XP level 4. HP: 24/24 MP: 4/7
  1784 | D:2      | Reached skill level 5 in Fire Magic
  1829 | D:2      | Found a blossoming altar of Fedhas.
  2278 | D:2      | Reached XP level 5. HP: 25/28 MP: 8/8
  2612 | D:3      | Noticed Sigmund
  2773 | D:3      | Killed Sigmund
  2773 | D:3      | Reached skill level 6 in Fire Magic
  2773 | D:3      | Reached XP level 6. HP: 8/32 MP: 0/9
  3326 | D:3      | Reached skill level 7 in Fire Magic
  3616 | D:3      | Found a faded altar of an unknown god.
  4759 | D:4      | Reached XP level 7. HP: 30/36 MP: 0/10
  5022 | D:5      | Entered Level 5 of the Dungeon
  5109 | D:5      | Noticed Prince Ribbit
  5273 | D:4      | Learned a level 3 spell: Conjure Flame
  5390 | D:5      | Reached skill level 8 in Fire Magic
  5542 | D:5      | Noticed Ijyb
  5586 | D:5      | Killed Ijyb
  5815 | D:5      | Reached skill level 9 in Fire Magic
  5875 | D:5      | Reached XP level 8. HP: 37/41 MP: 1/11
  5952 | D:5      | Found a glowing golden altar of the Shining One.
  6259 | D:5      | Slain by Prince Ribbit

Vault maps used:
D:1:      minmay_arrival_up_and_down
D:2:      lemuel_round_altar, serial_bayou, serial_bayou_pond_c,
          serial_bayou_lake_a, serial_bayou_shore_b, serial_bayou_shore_a
D:3:      chequers_ecumenical_altar_twisty, uniq_sigmund
D:4:      minmay_misc_feat_x
D:5:      old_forge, tso_metal_star, first_bread, uniq_ijyb, uniq_prince_ribbit1

Skill      XL: |  1  2  3  4  5  6  7 |
---------------+----------------------+-----
Fire Magic     | 4 5 6 7 9 |  9.4
Dodging        | |  1.5
Stealth        | |  2.1
Spellcasting   | |  2.0
Conjurations   | |  1.1

Action                   |  1- 3 |  4- 6 |  7- 9 || total
-------------------------+-------+-------+-------++-------
Melee: Dagger            |       |    35 |    24 ||    59
       Short sword       |       |       |     5 ||     5
Throw: Stone             |    99 |    96 |    28 ||   223
       Tomahawk          |       |     6 |    11 ||    17
 Cast: Flame Tongue      |    70 |   100 |    54 ||   224
       Conjure Flame     |       |       |     6 ||     6
  Use: Scroll            |       |     2 |       ||     2
  Eat: Chunk             |     4 |     6 |     2 ||    12
       Bread ration      |       |     1 |     1 ||     2
Armor: Robe              |    17 |    39 |    25 ||    81
Dodge: Dodged            |    44 |    81 |    45 ||   170

Table legend:
 A = Spawn XP
 B = Non-spawn XP
 C = Spawn XP percentage of total XP
 D = Spawn monster count
 E = Non-spawn monster count
 F = Spawn count percentage of total count
 G = Total turns spent on level
                    A         B        C        D         E        F      G
               +---------+---------+-------+---------+---------+-------+---------
         Total |       0 |    1277 |   0.0 |       0 |     109 |   0.0 |  6259
               +---------+---------+-------+---------+---------+-------+---------
           D:1 |       0 |      53 |   0.0 |       0 |      30 |   0.0 |  1436
           D:2 |       0 |     117 |   0.0 |       0 |      22 |   0.0 |  1224
           D:3 |       0 |     308 |   0.0 |       0 |      19 |   0.0 |  1432
           D:4 |       0 |     171 |   0.0 |       0 |      15 |   0.0 |  1138
           D:5 |       0 |     628 |   0.0 |       0 |      23 |   0.0 |  1029
               +---------+---------+-------+---------+---------+-------+---------
